 Dungeon Crawl Stone Soup version 0.30-a0-845-g7c6808c8ce (webtiles) character file.

Game seed: 5043000343756160225

216 BlueFish the Sneak (level 5, -1/37 HPs)
             Began as a Vampire Enchanter on Mar 2, 2023.
             Was an Initiate of Dithmenos.
             Slain by a black bear (4 damage)
             ... on level 4 of the Dungeon.
             The game lasted 00:05:28 (2480 turns).

BlueFish the Sneak (Vampire Enchanter)              Turns: 2480, Time: 00:05:29

Health: -1/37      AC:  2    Str:  7    XL:     5   Next: 61%
Magic:  1/9        EV: 13    Int: 18    God:    Dithmenos [......]
Gold:   107        SH:  0    Dex: 16    Spells: 1/9 levels left

rFire   . . .      SeeInvis +    a - +1 dagger
rCold   . . .      Faith    .    (no shield)
rNeg    . . .      Spirit   .    b - +0 robe
rPois   .          Reflect  .    (no helmet)
rElec   .          Rampage  .    (no cloak)
rCorr   .                        (no gloves)
Will    .....                    (no boots)
Stlth   +++                      (no amulet)
HPRegen 0.46/turn                (no ring)
MPRegen 0.11/turn                (no ring)

@: confusing by touch, healing quickly
A: alive, fangs 3, see invisible, vampiric 2
a: Exsanguinate, Renounce Religion


You were on level 4 of the Dungeon.
You worshipped Dithmenos.
Dithmenos was noncommittal.
You visited 1 branch of the dungeon, and saw 4 of its levels.

You collected 107 gold pieces.

Inventory:

Hand Weapons
 a - a +1 dagger (weapon)
 n - a +0 rapier
Missiles
 g - 6 poisoned darts (quivered)
Armour
 b - a +0 robe (worn)
Scrolls
 d - 3 scrolls of teleportation
 e - a scroll of fog {unknown}
 f - 2 scrolls of amnesia
 j - a scroll of fear {unknown}
 p - a scroll of brand weapon {unknown}
Potions
 c - 6 potions of invisibility
 h - 2 potions of mutation
 i - 2 potions of might
 k - a potion of haste {unknown}
 l - 5 potions of curing {unknown}
 m - 2 potions of heal wounds {unknown}
 o - a potion of cancellation {unknown}


   Skills:
 + Level 1.4 Fighting
 + Level 2.1 Short Blades
 + Level 0.9 Throwing
 + Level 1.3 Armour
 + Level 3.2 Dodging
 + Level 5.4 Stealth
 + Level 2.6 Spellcasting
 + Level 5.1 Hexes
 + Level 0.5 Invocations


You had one spell level left.
You knew the following spells:

 Your Spells              Type           Power      Damage    Failure   Level
a - Ensorcelled Hibernat  Hex/Ice        22%        N/A       9%          2
b - Confusing Touch       Hex            20%        N/A       6%          3
c - Tukima's Dance        Hex            20%        N/A       6%          3

Your spell library contained the following spells:

 Spells                   Type           Power      Damage    Failure   Level
 Dazzling Flash           Conj/Hex       22%        N/A       19%         3
 Frozen Ramparts          Ice            4%         1d1       45%         3
 Ice Form                 Ice/Tmut       2%         N/A       86%         4
 Summon Ice Beast         Ice/Summ       2%         N/A       86%         4


Dungeon Overview and Level Annotations

Branches:
Dungeon (4/15)
 Temple: D:4-7

Altars:
Cheibriados
Dithmenos
Fedhas
Ru
Vehumet


Innate Abilities, Weirdness & Mutations

Your natural rate of healing is accelerated.
You have razor-sharp teeth.
You have supernaturally acute eyesight. (SInv)
You are afflicted with vampirism and can become a bat while bloodless.


Message History

Casting: Ensorcelled Hibernation (safe; 9% risk of failure)
Confirm with . or Enter, or press ? or * to list all spells.
Aiming: Ensorcelled Hibernation (safe; 9% risk of failure)
Press: ? - help, Shift-Dir - straight line, f - black bear
Aim: a black bear (chance to affect: 45%)
The black bear resists with some effort.
The black bear closely misses you.
The black bear claws you but does no damage.
The black bear claws you.
Casting: Ensorcelled Hibernation (safe; 9% risk of failure)
Confirm with . or Enter, or press ? or * to list all spells.
Aiming: Ensorcelled Hibernation (safe; 9% risk of failure)
Press: ? - help, Shift-Dir - straight line, f/p - black bear
Aim: a black bear (chance to affect: 45%)
The black bear looks drowsy...
The helpless black bear fails to defend itself.
You impale the black bear!!
The black bear is almost dead.
The black bear goes berserk!
Casting: Ensorcelled Hibernation (safe; 9% risk of failure)
Confirm with . or Enter, or press ? or * to list all spells.
Your hands begin to glow red.
The black bear closely misses you. The black bear barely misses you.
The black bear claws you. The endoplasm hits you. The black bear bites you!
The black bear closely misses you. The black bear barely misses you.
You hit the black bear but do no damage.
The black bear is almost dead.
The endoplasm hits you. The black bear bites you. The black bear claws you!
* * * LOW HITPOINT WARNING * * *
The black bear claws you.
* * * LOW HITPOINT WARNING * * *
The giant cockroach closely misses you.
Okay, then.
Okay, then.
You hit the black bear but do no damage.
The black bear is almost dead.
The black bear bites you.
* * * LOW HITPOINT WARNING * * *
The black bear claws you.
You die...

......##................
####...#########........
##.....## ##.........
#.......#####..<......#
#..........##.........#
#.....[.##..#..........
##.....## #............
#.......####.>.........
##..............@.......
.........#####.JhB......
.. ##......##
#.......... ...
##.#...## #..........
... # .#.#.###
#.........# #.# #
...#...# ##.......## #.#
# ...###.### #......##
#.# #
...###...##.....######
##.#### ...#.....(..#
##....).


You could see a black bear (berserk), an endoplasm and a giant cockroach.

Vanquished Creatures
  A scorpion (D:4)
  An orc wizard (D:2)
  4 adders
  3 worms
  4 dart slugs
  4 orcs
  3 bats
  4 endoplasms
  4 giant cockroaches
  5 goblins
  7 hobgoblins
  4 jackals
  6 quokkas
  10 ball pythons
  5 frilled lizards
  7 kobolds
  6 rats
78 creatures vanquished.

Notes
Turn   | Place    | Note
-------+----------+-------------------------------------------
     0 | D:1      | BlueFish the Vampire Enchanter began the quest for the Orb.
     0 | D:1      | Reached XP level 1. HP: 13/13 MP: 3/3
   123 | D:1      | Reached XP level 2. HP: 19/19 MP: 5/5
   232 | D:1      | Learned a level 2 spell: Ensorcelled Hibernation
   386 | D:1      | Gained mutation: You are afflicted with vampirism and can
                  | become a bat while bloodless. [Vampire growth]
   386 | D:1      | Reached XP level 3. HP: 25/25 MP: 6/6
   390 | D:1      | Learned a level 3 spell: Confusing Touch
   964 | D:2      | Reached skill level 1 in Fighting
   964 | D:2      | Reached XP level 4. HP: 32/32 MP: 4/7
  1031 | D:2      | Reached skill level 1 in Armour
  1046 | D:2      | Reached skill level 5 in Stealth
  1358 | D:2      | Found a faded altar of an unknown god.
  1705 | D:3      | Learned a level 3 spell: Tukima's Dance
  1795 | D:3      | Found a snail-covered altar of Cheibriados.
  1801 | D:3      | Found a blossoming altar of Fedhas.
  1801 | D:3      | Found a shadowy altar of Dithmenos.
  1805 | D:3      | Found a sacrificial altar of Ru.
  1805 | D:3      | Found a radiant altar of Vehumet.
  1810 | D:3      | Became a worshipper of Dithmenos the Shadowed
  2094 | D:3      | Reached XP level 5. HP: 35/37 MP: 8/8
  2364 | D:4      | Reached skill level 5 in Hexes
  2468 | D:4      | Noticed a black bear
  2480 | D:4      | Slain by a black bear

Illustrated notes

Levels and vault maps discovered:
D:1:      erik_arrival_blinker_ship, layout_basic
D:2:      layout_loops_ring, shapermc_ecumenical_altar_hornbeckon,
          amcnicky_mini_corridor_feature, kennysheep_generic_room_13
D:3:      layout_rooms, grunt_temple_overflow_open,
          hangedman_decor_clover_reticule, due_unseen_surprise
D:4:      layout_rooms

Skill      XL: |  1  2  3  4  5 |
---------------+----------------+-----
Fighting       | 1 |  1.4
Armour         | 1 |  1.3
Stealth        | 5 |  5.4
Dodging        | 3 |  3.2
Short Blades   | 2 |  2.1
Hexes          | 5 |  5.1
Throwing       | |  0.9
Spellcasting   | |  2.6
Invocations    | |  0.5

Action                     |  1- 3 |  4- 6 || total
---------------------------+-------+-------++-------
  Melee: Dagger            |   118 |   112 ||   230
         Bite              |    10 |    12 ||    22
         Punch             |       |     3 ||     3
   Cast: Ensorcelled Hiber |     2 |     6 ||     8
         Confusing Touch   |       |     1 ||     1
    Use: Scroll            |     4 |       ||     4
   Stab: Sleeping          |     5 |    20 ||    25
         Distracted        |     1 |       ||     1
 Armour: Robe              |    17 |     9 ||    26
  Dodge: Dodged            |    84 |    55 ||   139

Table legend: (Time is in decaauts)
 A = Elapsed time spent in this place.
 B = Non-inter-level travel time spent in this place.
 C = Inter-level travel time spent in this place.
 D = Time resting spent in this place.
 E = Time spent auto-exploring this place.
 F = Levels seen in this place.
 G = Mean time per level.
                   A        B        C        D        E       F      G
               +--------+--------+--------+--------+--------+-----+--------+
         Total |   2464 |   2398 |     66 |      2 |   1724 |   4 |  616.0 |
       Dungeon |   2464 |   2398 |     66 |      2 |   1724 |   4 |  616.0 |
               +--------+--------+--------+--------+--------+-----+--------+

Top non-repeatable levels by time:
     D:1: 859 daAuts
     D:2: 831 daAuts
     D:3: 495 daAuts
     D:4: 277 daAuts
